 Dungeon Crawl Stone Soup version 0.25-a0-829-g4e6a552925 (webtiles) character file.

Game seed: 16838103385268090163, levelgen mode: deterministic

356484 unvid the Deadly Accurate (level 21, -9/147 HPs)
             Began as a Demonspawn Gladiator on Apr 21, 2020.
             Was an Elder of Uskayaw.
             Mangled by a death knight
             ... wielding a +1 broad axe of venom
              (19 damage)
             ... while paralysed by a vampire knight
             ... on level 1 of the Depths.
             The game lasted 01:48:23 (53495 turns).

unvid the Deadly Accurate (Demonspawn Gladiator)   Turns: 53495, Time: 01:48:24

Health: -9/147     AC: 15    Str: 21    XL:     21   Next: 39%
Magic:  27/32      EV:  2    Int: 12    God:    Uskayaw [****..]
Gold:   6179       SH:  0    Dex: 25    Spells: 18/20 levels left

rFire    + . .     SeeInvis +   a - +10 double sword "Icasmena" {drain, +Inv rN+ Dex-2 Stlth+}
rCold    + + +     Gourm    .   H - +5 kite shield {reflect}
rNeg     + + +     Faith    +   S - +0 ring mail of the Three Seas {rElec rPois rF++ Dex-2}
rPois    +         Spirit   .   (helmet unavailable)
rElec    +         Reflect  +   D - +2 cloak
rCorr    .         Harm     .   I - +2 pair of gloves {archery}
MR       ++...                  p - +2 pair of boots of Patience {rC+ MR+ Dex+6}
Stlth    ++++......             t - amulet of faith
HPRegen  0.34/turn              i - ring of Hulakk {Ice *Corrode rPois rN+ Slay+6}
MPRegen  0.23/turn              g - ring of Giowodint {Str+4 Dex+3 SInv}

@: paralysed, lethally poisoned (-9 -> -12), corroded
A: horns 3, cold resistance 1, demonic guardian 2, negative energy resistance 1,
50% torment resistance, sturdy frame 3
}: 2/15 runes: decaying, gossamer
a: Stomp, Line Pass, Renounce Religion, Evoke Invisibility


You were on level 1 of the Depths.
You worshipped Uskayaw.
Uskayaw was pleased with you.
You were very hungry.

You visited 8 branches of the dungeon, and saw 37 of its levels.
You visited 1 bazaar.
You also visited: Gauntlet and Ice Cave.

You collected 7857 gold pieces.
You spent 1678 gold pieces at shops.

Inventory:

Hand Weapons
 a - the +10 double sword "Icasmena" (weapon) {drain, +Inv rN+ Dex-2 Stlth+}
   (You acquired it on level 1 of the Spider Nest)

   A truly terrible weapon, it drains the life of those it strikes.
   It affects your dexterity (-2).
   It protects you from negative energy.
   It lets you turn invisible.
   It makes you more stealthy.
 b - a +6 quick blade of flaming
Missiles
 d - 5 throwing nets (quivered)
 h - 24 curare-tipped darts
Armour
 j - a scarf of cloud immunity
 p - the +2 pair of boots of Patience (worn) {rC+ MR+ Dex+6}
   (You found it in an ice cave)

   It affects your dexterity (+6).
   It protects you from cold.
   It affects your resistance to hostile enchantments.
 D - a +2 cloak (worn)
 H - a +5 kite shield of reflection (worn)
 I - a +2 pair of gloves of archery (worn)
 S - the +0 ring mail of the Three Seas (worn) {rElec rPois rF++ Dex-2}
   (You found it on level 6 of the Lair of Beasts)

   It affects your dexterity (-2).
   It greatly protects you from fire.
   It insulates you from electricity.
   It protects you from poison.
Jewellery
 g - the ring of Giowodint (right hand) {Str+4 Dex+3 SInv}
   (You found it in a Gauntlet)

   [ring of see invisible]

   It affects your strength (+4).
   It affects your dexterity (+3).
   It lets you see invisible.
 i - the ring of Hulakk (left hand) {Ice *Corrode rPois rN+ Slay+6}
   (You found it on level 11 of the Dungeon)

   [ring of ice]

   It enhances your ice magic.
   It affects your accuracy and damage with ranged weapons and melee attacks
   (+6).
   It makes you vulnerable to fire.
   It protects you from cold.
   It protects you from poison.
   It protects you from negative energy.
   It may corrode you when you take damage.
 t - an amulet of faith (around neck)
 x - the ring of Lesser Demons {rN+ Stlth+}
   (You found it in a Gauntlet)

   [ring of positive energy]

   It protects you from negative energy.
   It makes you more stealthy.
 z - an uncursed ring of protection from magic
 B - the ring of Creativity {rC+ Str+3 Int+2}
   (You found it in an ice cave)

   [ring of protection from cold]

   It affects your strength (+3).
   It affects your intelligence (+2).
   It protects you from cold.
 Q - the amulet of Nety {Acrobat rF+ MR+}
   (You found it on level 1 of the Swamp)

   [amulet of the acrobat]

   It helps you evade while moving and waiting.
   It protects you from fire.
   It affects your resistance to hostile enchantments.
 Z - an uncursed ring of poison resistance
Wands
 o - a wand of paralysis (18)
 A - a wand of scattershot (13)
 L - a wand of iceblast (33)
 M - a wand of disintegration (23)
 N - a wand of digging (14)
 V - a wand of acid (10)
Scrolls
 k - 5 scrolls of magic mapping
 q - 3 scrolls of identify
 y - 10 scrolls of remove curse
 C - 9 scrolls of immolation
 F - a scroll of silence
 J - a scroll of fog
 R - 7 scrolls of blinking
 U - 7 scrolls of teleportation
 X - a scroll of torment
Potions
 c - 9 potions of ambrosia
 e - 7 potions of stabbing
 l - 6 potions of berserk rage
 n - 5 potions of flight
 r - 8 potions of haste
 s - 4 potions of magic
 u - 4 potions of cancellation
 w - 6 potions of heal wounds
 E - 17 potions of curing
 G - 5 potions of lignification
 K - 9 potions of might
 O - 3 potions of resistance
 W - 2 potions of invisibility
Miscellaneous
 m - 2 tins of tremorstones
 v - a lightning rod (3/4)
 P - 2 phantom mirrors
 Y - a phial of floods
Comestibles
 f - 45 rations


   Skills:
 * Level 8.0 Fighting
 - Level 5.2(11.7) Short Blades
 - Level 15.7(16.0) Long Blades
 - Level 16.0 Throwing
 - Level 14.2 Armour
 - Level 14.5 Dodging
 - Level 4.3 Stealth
 + Level 12.9 Shields
 + Level 15.9 Invocations
 - Level 7.2 Evocations


You had 18 spell levels left.
You knew the following spells:

 Your Spells              Type           Power        Failure   Level  Hunger
a - Blink                 Tloc           N/A          54%         2    ###....

Your spell library contained the following spells:

 Spells                   Type           Power        Failure   Level  Hunger
 Animate Skeleton         Necr           N/A          41%         1    ##.....
 Apportation              Tloc           #.....       41%         1    ##.....
 Beastly Appendage        Tmut           #.....       41%         1    ##.....
 Corona                   Hex            #......      41%         1    ##.....
 Freeze                   Ice            #...         41%         1    ##.....
 Magic Dart               Conj           #...         41%         1    ##.....
 Sandblast                Erth           #.....       41%         1    ##.....
 Sting                    Tmut/Pois      #...         41%         1    ##.....
 Summon Small Mammal      Summ           #...         41%         1    ##.....
 Call Imp                 Summ           #.......     54%         2    ###....
 Ensorcelled Hibernation  Hex/Ice        #.....       54%         2    ###....
 Passwall                 Tmut/Erth      #.......     54%         2    ###....
 Poisonous Vapours        Pois/Air       #.....       54%         2    ###....
 Slow                     Hex            #.......     54%         2    ###....
 Sticks to Snakes         Tmut           #.......     54%         2    ###....
 Swiftness                Chrm/Air       #.......     54%         2    ###....
 Call Canine Familiar     Summ           #.......     78%         3    ####...
 Confusing Touch          Hex            #.......     78%         3    ####...
 Conjure Flame            Conj/Fire      #.......     78%         3    ####...
 Dazzling Flash           Conj/Hex       #.....       78%         3    ####...
 Frozen Ramparts          Ice            #.....       78%         3    ####...
 Ignite Poison            Fire/Tmut/Pois #.......     78%         3    ####...
 Mephitic Cloud           Conj/Pois/Air  #.......     78%         3    ####...
 Ozocubu's Armour         Chrm/Ice       #.......     78%         3    ####...
 Spider Form              Tmut/Pois      #.........   78%         3    ####...
 Stone Arrow              Conj/Erth      #.....       78%         3    ####...
 Tukima's Dance           Hex            #.......     78%         3    ####...
 Hailstorm                Conj/Ice       #.......     99%         4    #####..
 Ice Form                 Ice/Tmut       #.......     99%         4    #####..
 Leda's Liquefaction      Hex/Erth       #.........   99%         4    #####..
 Olgreb's Toxic Radiance  Pois           #.......     99%         4    #####..
 Passage of Golubria      Tloc           N/A          99%         4    #####..
 Petrify                  Tmut/Erth      #.......     99%         4    #####..
 Summon Ice Beast         Ice/Summ       #.......     99%         4    #####..
 Summon Lightning Spire   Summ/Air       #.......     99%         4    #####..
 Aura of Abjuration       Summ           #.........   100%        5    ######.
 Blade Hands              Tmut           #.........   100%        5    ######.
 Bolt of Magma            Conj/Fire/Erth #.........   100%        5    ######.
 Irradiate                Conj/Tmut      #.........   100%        5    ######.
 Lee's Rapid Deconstruct  Erth           #.........   100%        5    ######.
 Metabolic Englaciation   Hex/Ice        #.........   100%        5    ######.
 Silence                  Hex/Air        #.........   100%        5    ######.
 Conjure Ball Lightning   Conj/Air       #.........   100%        6    #######
 Darkness                 Hex            #.........   100%        6    #######
 Freezing Cloud           Conj/Ice/Air   #.........   100%        6    #######
 Hydra Form               Tmut           #.........   100%        6    #######
 Invisibility             Hex            #.......     100%        6    #######
 Iron Shot                Conj/Erth      #.........   100%        6    #######
 Ozocubu's Refrigeration  Ice            #.........   100%        6    #######
 Statue Form              Tmut/Erth      #........    100%        6    #######
 Dragon Form              Tmut           #.........   100%        7    #######
 Ring of Flames           Chrm/Fire      #.........   100%        7    #######
 Shatter                  Erth           #.........   100%        9    #######
 Tornado                  Air            #.........   100%        9    #######


Dungeon Overview and Level Annotations

Branches:
Dungeon (15/15)            Temple (1/1) D:6            Lair (6/6) D:11
  Swamp (4/4) Lair:4       Spider (4/4) Lair:3        Slime (0/5) Lair:5
    Orc (2/2) D:10            Elf (0/3) Orc:2        Vaults (4/5) D:14
  Crypt (0/3) Vaults:3     Depths (1/5) D:15          IceCv (visited)
Gauntlet (visited)

Altars:
Ashenzari
Cheibriados
Dithmenos
Elyvilon
Makhleb
Nemelex Xobeh
Okawaru
Qazlal
Ru
Sif Muna
Trog
Uskayaw
Vehumet
Wu Jian
Xom
Yredelemnul
Zin
The Shining One
Beogh
Jiyva

Shops:
Orc:2 ?[([   Vaults:1 *   Vaults:2 %:   Vaults:3 =   Vaults:4 =

Annotations:
Lair:1 exclusion: oklob plant
Swamp:4 Roxanne
Spider:3 1 runed translucent door, DrMuscles's ghost, adept MiBe
Spider:4 1 runed translucent door, Flugslaktarn's ghost, journeyman DDFi


Innate Abilities, Weirdness & Mutations

You have a pair of large horns on your head.
Your flesh is cold resistant. (rC+)
A demonic guardian rushes to your aid.
You resist negative energy. (rN+)
You are somewhat able to resist unholy torments (1 in 2 success).
Your movements are significantly less encumbered by armour. (ER -6)


Message History

* * * LOW HITPOINT WARNING * * *
The skeletal warrior hits you from afar with a +0 glaive!
* * * LOW HITPOINT WARNING * * *
The ancient lich gestures at you while chanting.
The bolt of negative energy hits you but does no damage.
You resist.
The skeletal warrior hits you from afar with a +0 glaive.
* * * LOW HITPOINT WARNING * * *
The shadow dragon bites you but does no damage.
The shadow dragon claws you but does no damage. x2
You feel sick.
The death knight's dark mirror aura disappears.
The vampire knight hits you with a +0 glaive!
* * * LOW HITPOINT WARNING * * *
The vampire knight bites you but does no damage.
The ancient lich casts a spell at you. You resist with significant effort.
The deep elf death mage beckons forth a restless soul!
The death knight hits you with a +1 broad axe of venom!!
You die...

#.###'###### .#
..##.......# #.
..##.......##..
...'.......##.#
..##.......##*#######
..##.......##VV#†††:#
..##.......VZze#Zz..#
'###.......##VzLpD†[#
....###'#### .##@V†(#
....#.... .##..†(#
....#..... .##†.††#
....#... ..######
....'.. ## ....#..
....#.. #####


You could see a shadow dragon, an ancient lich, a death knight, 2 vampire
knights, a deep elf death mage, 3 skeletal warriors, a jiangshi, a vampire mage
(invisible), a vampire, a lost soul, an ettin zombie and a caustic shrike
skeleton.

Vanquished Creatures
  Boris (Vaults:4)
  the Lernaean hydra (Swamp:4)
  Xtahua (Vaults:4)
  A golden dragon (Vaults:4)
  Jory (Vaults:4)
  A tentacled monstrosity (Vaults:2)
  Arachne (Spider:3)
  The ghost of Tazamm the Executioner, an adept MiBe of Trog (Vaults:2)
  2 hellephants (Vaults:1)
  An Ice Fiend (IceCv)
  Rupert (D:15)
  A sphinx (Vaults:3)
  Agnes (Spider:4)
  2 tengu reavers (Vaults:4)
  A shadow dragon (Depths:1)
  Donald (Spider:4)
  3 frost giants
  3 fire giants
  Louise (Spider:3)
  11 vault wardens
  2 ghost moths
  6 orc warlords
  Aizul (Swamp:2)
  7 emperor scorpions
  14 ironheart preservers
  3 very ugly things (Vaults:4)
  3 entropy weavers
  6 stone giants
  A vampire knight (Depths:1)
  A deep elf demonologist (Vaults:3)
  2 spark wasps (Spider:4)
  A deep elf annihilator (Vaults:3)
  Sonja (Lair:4)
  Snorg (D:12)
  A minotaur (Gauntlet)
  The ghost of Xaez the Apostle, a journeyman HOFi of Beogh (D:13)
  A crystal guardian (Vaults:3)
  A deep elf death mage (Vaults:2)
  Josephine (Lair:6)
  2 ettins
  2 yaktaur captains
  A fire dragon (Vaults:3)
  5 ice dragons
  22 hydras
  5 vault guards
  Fannar (D:10)
  A great orb of eyes (Vaults:2)
  3 catoblepae
  2 rakshasas
  4 ghost crabs
  A queen ant (Lair:6)
  3 shambling mangroves
  3 death knights
  7 alligators
  6 centaur warriors
  2 deep troll shamans
  8 death scarabs (Spider:4)
  10 ogre magi
  30 two-headed ogres
  20 death yaks
  A deep troll earth mage (Vaults:2)
  2 vampire magi
  A dancing weapon (Vaults:4)
  7 orc high priests
  6 deep elf knights
  4 soul eaters
  13 hell knights (Vaults:1)
  3 skeletal warriors
  2 shadow wraiths
  A death drake (Gauntlet)
  A glowing orange brain (Vaults:3)
  16 deep trolls
  5 unseen horrors
  5 flayed ghosts
  3 spriggan druids
  A wizard (Vaults:1)
  9 swamp dragons
  3 spectral wolf spiders (Spider:4)
  A phantasmal warrior (Vaults:4)
  A lindwurm (Lair:6)
  22 orc knights
  25 ugly things
  12 ironbrand convokers
  23 wolf spiders
  A tengu zombie (Depths:1)
  3 necromancers
  5 wolf spider zombies
  6 orc sorcerers
  12 orb spiders
  8 deep elf magi
  2 manticores
  7 cyclopes
  6 moths of wrath
  A fire giant zombie (Vaults:4)
  3 black mambas
  A moth of wrath (shapeshifter) (Vaults:4)
  3 elephants (Lair:6)
  A gargoyle (D:14)
  A guardian serpent (shapeshifter) (D:13)
  An ice statue (IceCv)
  21 spiny frogs
  A torpor snail (Spider:4)
  8 vault sentinels
  A yaktaur zombie (Vaults:4)
  3 spectral redbacks (Spider:4)
  2 rime drakes
  A kobold demonologist (D:12)
  11 komodo dragons
  2 minotaur zombies (Gauntlet)
  An efreet (D:14)
  23 yaktaurs
  4 ice devils (IceCv)
  An entropy weaver simulacrum (Vaults:2)
  An anaconda simulacrum (IceCv)
  A redback zombie (Spider:4)
  9 freezing wraiths
  7 trolls
  10 demonic crawlers
  2 golden dragon simulacra (IceCv)
  6 meliai (Spider:4)
  2 queen bees
  7 tyrant leeches
  3 polar bears
  41 jumping spiders
  22 hornets
  A wolf spider simulacrum (IceCv)
  5 spectral tarantellas (Spider:4)
  15 bog bodies
  5 spectral jumping spiders (Spider:4)
  A hornet (shapeshifter) (Vaults:4)
  11 hippogriffs
  12 blink frogs
  A jumping spider zombie (Spider:4)
  A dream sheep (D:9)
  A stone giant simulacrum (Vaults:4)
  3 dire elephant simulacra (IceCv)
  A redback (shapeshifter) (Vaults:4)
  3 shadows
  80 redbacks
  8 spriggans
  7 slime creatures
  A fire dragon skeleton (Depths:1)
  31 tarantellas
  8 wyverns
  5 wraiths
  Eustachio (D:6)
  68 yaks
  2 hungry ghosts
  4 basilisks
  A fire elemental (Lair:3)
  2 death yak simulacra (IceCv)
  Edmund (D:6)
  3 harpy simulacra (IceCv)
  18 swamp worms
  13 vampire mosquitoes
  10 wargs
  An iron troll simulacrum (IceCv)
  23 soldier ants
  5 insubstantial wisps (Swamp:2)
  2 acid dragons
  4 spectral hornets
  A water moccasin (shapeshifter) (Vaults:3)
  5 porcupines
  5 hydra simulacra (IceCv)
  6 water moccasins
  16 swamp drakes
  3 ice beasts
  2 sky beasts
  67 orc warriors
  2 hornet zombies (Spider:4)
  2 eyes of draining
  A human zombie (Vaults:4)
  A phantom (D:5)
  8 black bears
  4 necrophages
  14 boggarts
  49 ogres
  12 centaurs
  13 wolves
  10 crocodiles
  6 big kobolds
  11 bullfrogs
  3 gnoll sergeants (D:10)
  3 scorpions
  A water moccasin skeleton (D:5)
  2 wyvern skeletons
  33 killer bees
  18 wights
  6 howler monkeys
  2 vampire bats (D:12)
  4 electric eels
  4 crimson imps
  2 bullfrog zombies
  36 orc priests
  12 centaur skeletons
  5 centaur zombies
  6 hounds
  A bullfrog skeleton (D:12)
  6 jellies
  21 orc wizards
  Crazy Yiuf (D:5)
  2 iguanas
  5 troll simulacra (IceCv)
  21 worker ants
  5 spriggan simulacra (IceCv)
  2 wolf simulacra (IceCv)
  4 centaur simulacra (IceCv)
  A worker ant zombie (D:8)
  8 gnolls
  20 adders
  A howler monkey skeleton (D:11)
  3 naga simulacra (IceCv)
  An ogre simulacrum (IceCv)
  5 shadow imps
  5 white imps (IceCv)
  4 ufetubi (IceCv)
  An ooze (D:3)
  An adder skeleton (D:5)
  A worm (D:3)
  3 dart slugs (D:1)
  5 leopard geckos
  136 orcs
  2 ball pythons
  13 bats
  4 giant cockroaches
  8 goblins
  5 hobgoblins
  14 jackals
  17 kobolds
  7 quokkas
  2 frilled lizards (D:1)
  A jackal skeleton (D:6)
  A rat (D:4)
  A fungus (Swamp:4)
  A plant (Lair:1)
1718 creatures vanquished.

Vanquished Creatures (collateral kills)
  A vault warden (Vaults:4)
  A deep elf death mage (Vaults:4)
  A vault guard (Vaults:4)
  A catoblepas (Lair:6)
  A hydra (Lair:3)
  2 death yaks (Lair:4)
  A hell knight (Vaults:1)
  2 swamp dragons (Swamp:4)
  An ironbrand convoker (Vaults:4)
  An ugly thing (D:14)
  A wolf spider (Spider:2)
  A centaur skeleton (D:14)
  A freezing wraith (Vaults:1)
  A troll (D:13)
  A bog body (Swamp:4)
  A dream sheep (D:9)
  3 blink frogs
  2 hippogriffs
  A redback (D:13)
  A wraith (Lair:6)
  Sigmund (D:2)
  A yak (Lair:4)
  A swamp worm (Swamp:1)
  2 wargs
  A swamp drake (Swamp:1)
  An orc warrior (D:8)
  2 ogres (D:10)
  An eye of draining (D:10)
  A crocodile (Lair:4)
  3 bullfrogs
  A scorpion (D:4)
  A killer bee (D:9)
  A howler monkey (D:8)
  A hound (D:3)
  5 orc priests
  2 orc wizards
  2 worker ants
  A hound zombie (D:8)
  2 adders
  7 orcs
  A ball python (D:2)
  A goblin (D:3)
  A jackal (D:11)
65 creatures vanquished.

Vanquished Creatures (others)
  A yaktaur captain (Vaults:4)
  A two-headed ogre (Orc:1)
  3 yaktaurs
  A bog body (Swamp:4)
  A yak (Lair:4)
  A redback (Vaults:4)
  An insubstantial wisp (Swamp:2)
  A wight (D:15)
  A white imp (IceCv)
  2 ufetubi (IceCv)
  2 orcs
  14 fungi
  5 plants
34 creatures vanquished.

Grand Total: 1817 creatures vanquished

Notes
Turn   | Place    | Note
-------+----------+-------------------------------------------
     0 | D:1      | unvid the Demonspawn Gladiator began the quest for the Orb.
     0 | D:1      | Reached XP level 1. HP: 16/16 MP: 1/1
   162 | D:1      | Gained mutation: A weak demonic guardian rushes to your
                  | aid. [demonic ancestry]
   162 | D:1      | Reached XP level 2. HP: 19/22 MP: 2/2
   348 | D:1      | Reached skill level 1 in Stealth
   397 | D:1      | Reached skill level 1 in Short Blades
   573 | D:1      | Gained mutation: Your movements are slightly less
                  | encumbered by armour. (ER -2) [demonic ancestry]
   573 | D:1      | Reached XP level 3. HP: 27/27 MP: 3/3
  1635 | D:2      | You fall into a shaft and drop 2 floors!
  1850 | D:3      | Gained mutation: You have a pair of small horns on your
                  | head. [demonic ancestry]
  1850 | D:3      | Reached XP level 4. HP: 29/33 MP: 4/4
  2081 | D:3      | Reached skill level 1 in Evocations
  2136 | D:3      | Reached skill level 1 in Shields
  2228 | D:3      | Found a burning altar of Makhleb.
  2387 | D:2      | Reached XP level 5. HP: 38/38 MP: 5/5
  2507 | D:2      | Found a shattered altar of Ashenzari.
  2766 | D:2      | Noticed Sigmund
  2772 | D:2      | Killed Sigmund
  2772 | D:2      | Gained mutation: Your flesh is cold resistant. (rC+)
                  | [demonic ancestry]
  2772 | D:2      | Reached XP level 6. HP: 42/44 MP: 7/7
  3217 | D:4      | Found a bloodstained altar of Trog.
  3732 | D:4      | Gained mutation: Your movements are less encumbered by
                  | armour. (ER -4) [demonic ancestry]
  3732 | D:4      | Reached XP level 7. HP: 38/50 MP: 9/9
  4188 | D:5      | Entered Level 5 of the Dungeon
  4278 | D:5      | Found a sparkling altar of Nemelex Xobeh.
  4336 | D:5      | Found an iron altar of Okawaru.
  4436 | D:5      | Found a stormy altar of Qazlal.
  4463 | D:5      | Found a runed translucent door.
  4464 | D:5      | Noticed Crazy Yiuf
  4522 | D:5      | Killed Crazy Yiuf
  5193 | D:6      | Noticed Edmund
  5203 | D:6      | Killed Edmund
  5203 | D:6      | Reached XP level 8. HP: 40/56 MP: 11/11
  5427 | D:6      | Noticed Eustachio
  5453 | D:6      | Killed Eustachio
  5453 | D:6      | Reached skill level 5 in Short Blades
  5585 | D:6      | Got a distressingly furry ring mail
  5596 | D:6      | Identified the +1 ring mail of Unreason {Int+7 Dex+3} (You
                  | found it on level 6 of the Dungeon)
  5656 | D:6      | Found a staircase to the Ecumenical Temple.
  5666 | Temple   | Entered the Ecumenical Temple
  5740 | Temple   | Became a worshipper of Uskayaw the Reveler
  5845 | D:6      | Reached * piety under Uskayaw
  6025 | D:6      | Reached ** piety under Uskayaw
  6160 | D:7      | Reached skill level 1 in Invocations
  6509 | D:7      | Reached skill level 5 in Long Blades
  7068 | D:8      | Noticed a hippogriff
  7081 | D:8      | Killed a hippogriff
  7084 | D:8      | Reached *** piety under Uskayaw
  7125 | D:8      | Noticed a troll
  7360 | D:8      | Gained mutation: Your movements are significantly less
                  | encumbered by armour. (ER -6) [demonic ancestry]
  7360 | D:8      | Reached XP level 9. HP: 61/61 MP: 12/12
  7794 | D:8      | Killed a troll
  7794 | D:8      | Reached skill level 5 in Invocations
  7951 | D:8      | Found a shimmering altar of Xom.
  7970 | D:8      | Found a shimmering altar of Xom.
  7970 | D:8      | Found a shimmering altar of Xom.
  8809 | D:9      | Noticed a troll
  8820 | D:9      | Killed a troll
  8952 | D:9      | Noticed a brown ugly thing
  8969 | D:9      | Killed a brown ugly thing
  9702 | D:9      | Got a glittering brass amulet
  9703 | D:9      | Identified the amulet "Ytiumul" {MR+ Regen+ Dex+2 Stlth+}
                  | (You found it on level 9 of the Dungeon)
  9710 | D:9      | Reached XP level 10. HP: 63/67 MP: 15/15
 10000 | D:9      | Reached **** piety under Uskayaw
 10005 | D:9      | Reached ***** piety under Uskayaw
 10045 | D:9      | Noticed a three-headed hydra
 10053 | D:9      | Killed a one-headed hydra
 10053 | D:9      | Reached skill level 10 in Long Blades
 10427 | D:10     | Entered Level 10 of the Dungeon
 10429 | D:10     | Noticed Fannar
 10463 | D:10     | Killed Fannar
 11062 | D:10     | Found a staircase to the Orcish Mines.
 11070 | D:10     | Reached skill level 5 in Evocations
 11201 | D:10     | Reached XP level 11. HP: 72/72 MP: 18/18
 11230 | D:10     | Noticed a two-headed ogre
 11236 | D:10     | Killed a two-headed ogre
 11653 | D:11     | Got a spiked leather armour
 11668 | D:11     | Identified the +3 leather armour "Wuol" {Str+3} (You found
                  | it on level 11 of the Dungeon)
 11796 | D:11     | Noticed a two-headed ogre
 11805 | D:11     | Killed a two-headed ogre
 11845 | D:11     | Got a clouded ivory ring
 11846 | D:11     | Identified the ring of Hulakk {Ice *Corrode rPois rN+
                  | Slay+6} (You found it on level 11 of the Dungeon)
 11944 | D:11     | Reached skill level 10 in Invocations
 11951 | D:11     | Killed an unseen horror
 11991 | D:11     | Found a staircase to the Lair.
 12218 | D:11     | Identified the +3 war axe "Xuwuw" {antimagic, *Contam +Inv
                  | Int+4}
 12222 | D:11     | Found a gateway to a bazaar.
 12249 | Bazaar   | Entered a bazaar
 12263 | Bazaar   | Found Axzau's Jewellery Shoppe.
 12263 | Bazaar   | Found Rucarib's Antique Weapon Emporium.
 12285 | Bazaar   | Found Pyotak's Distillery.
 12300 | Bazaar   | Found Mikhubo's Book Shoppe.
 12300 | Bazaar   | Found Xufot's General Store.
 12382 | Bazaar   | Bought a potion of ambrosia for 72 gold pieces
 12382 | Bazaar   | Bought a potion of heal wounds for 45 gold pieces
 12382 | Bazaar   | Bought a potion of cancellation for 72 gold pieces
 12398 | Bazaar   | Bought a scroll of enchant armour for 75 gold pieces
 12398 | Bazaar   | Bought 2 potions of mutation for 160 gold pieces
 12398 | Bazaar   | Bought a scroll of enchant armour for 75 gold pieces
 12398 | Bazaar   | Bought a potion of haste for 100 gold pieces
 12398 | Bazaar   | Bought a potion of lignification for 30 gold pieces
 12415 | Bazaar   | Bought a potion of curing for 27 gold pieces
 12415 | Bazaar   | Bought a potion of curing for 27 gold pieces
 12415 | Bazaar   | Bought a potion of curing for 27 gold pieces
 12431 | Bazaar   | Bought a cursed amulet of inaccuracy for 26 gold pieces
 12469 | Bazaar   | Bought a potion of resistance for 100 gold pieces
 12494 | D:11     | Paralysed by a hornet for 3 turns
 12659 | Lair:1   | Entered Level 1 of the Lair of Beasts
 12659 | Lair:1   | Noticed an eight-headed hydra
 12687 | Lair:1   | Found a gate leading to a gauntlet.
 12723 | Gauntlet | Entered a Gauntlet
 12723 | Gauntlet | Found a transporter.
 12723 | Gauntlet | Found a transporter.
 12728 | Gauntlet | Found a transporter.
 12742 | Gauntlet | Noticed a catoblepas
 12743 | Gauntlet | Found a transporter.
 12759 | Gauntlet | Found a transporter.
 12759 | Gauntlet | Found a transporter.
 12760 | Gauntlet | Noticed a death drake
 12792 | Gauntlet | Found a transporter.
 12793 | Gauntlet | Noticed a ghost crab
 12803 | Gauntlet | Found a transporter.
 12823 | Gauntlet | Found a transporter.
 12834 | Gauntlet | Found a transporter.
 12879 | Gauntlet | Found a transporter.
 12897 | Gauntlet | Noticed a catoblepas
 12898 | Gauntlet | Found a transporter.
 12990 | Gauntlet | Found a transporter.
 13006 | Gauntlet | Found a transporter.
 13023 | Gauntlet | Found a transporter.
 13033 | Gauntlet | Noticed a six-headed hydra
 13037 | Gauntlet | Found a transporter.
 13225 | Gauntlet | Killed a ghost crab
 13289 | Gauntlet | Got a glittering bronze ring
 13296 | Gauntlet | Identified the ring of Giowodint {Str+4 Dex+3 SInv} (You
                  | found it in a Gauntlet)
 13320 | Gauntlet | Killed a death drake
 13393 | Gauntlet | Got a bound ivory ring
 13397 | Gauntlet | Identified the Tome of Creative Ice
 13400 | Gauntlet | Identified the ring of Lesser Demons {rN+ Stlth+} (You
                  | found it in a Gauntlet)
 13409 | Gauntlet | Identified the +9 flail of Yesterday {pain, Str+3}
 13409 | Gauntlet | Noticed a minotaur
 13422 | Gauntlet | Killed a minotaur
 13669 | Lair:1   | Killed a six-headed hydra
 13669 | Lair:1   | Gained mutation: You have a pair of horns on your head.
                  | [demonic ancestry]
 13669 | Lair:1   | Reached XP level 12. HP: 45/78 MP: 20/20
 14069 | Lair:1   | Noticed a seven-headed hydra
 14075 | Lair:1   | Killed a seven-headed hydra
 14359 | Lair:1   | Reached skill level 2 in Throwing
 14576 | Lair:2   | Noticed a catoblepas
 14585 | Lair:2   | Killed a catoblepas
 14848 | Lair:3   | Noticed a death yak
 14848 | Lair:3   | Noticed a death yak
 14849 | Lair:3   | Noticed a death yak
 14850 | Lair:3   | Noticed a four-headed hydra
 14850 | Lair:3   | Noticed a death yak
 14858 | Lair:3   | Noticed a death yak
 14876 | Lair:2   | Killed a death yak
 14876 | Lair:2   | Reached skill level 3 in Throwing
 14953 | Lair:3   | Found a hole to the Spider Nest.
 15094 | Lair:3   | Killed a one-headed hydra
 15102 | Lair:3   | Noticed a five-headed hydra
 15113 | Lair:3   | Killed a two-headed hydra
 15113 | Lair:3   | Reached skill level 4 in Throwing
 15220 | Lair:3   | Reached skill level 5 in Throwing
 15515 | Lair:3   | Reached skill level 6 in Throwing
 15588 | Lair:3   | Killed a death yak
 15695 | Lair:3   | Reached XP level 13. HP: 79/83 MP: 22/22
 15777 | Lair:3   | Reached skill level 7 in Throwing
 16126 | Lair:4   | Noticed Sonja
 16137 | Lair:4   | Reached skill level 8 in Throwing
 16150 | Lair:4   | Reached skill level 9 in Throwing
 16161 | Lair:4   | Killed Sonja
 16164 | Lair:4   | Reached ****** piety under Uskayaw
 16425 | Lair:4   | Identified 2 scrolls of acquirement
 16426 | Lair:4   | Identified the ring of Sloth {rC+ rN+ Str+4 Int-5} (You
                  | acquired it on level 4 of the Lair of Beasts)
 16675 | Lair:4   | Reached skill level 10 in Throwing
 16779 | Lair:4   | Found a staircase to the Swamp.
 16838 | Lair:4   | Reached skill level 1 in Armour
 17483 | Lair:5   | Learned a level 2 spell: Blink
 18107 | Lair:5   | Found a viscous altar of Jiyva.
 18107 | Lair:5   | Found a staircase to the Slime Pits.
 18348 | Lair:6   | Entered Level 6 of the Lair of Beasts
 18476 | Lair:6   | Gained mutation: You have a pair of large horns on your
                  | head. [demonic ancestry]
 18476 | Lair:6   | Reached XP level 14. HP: 90/90 MP: 23/23
 18680 | Lair:6   | Reached skill level 5 in Dodging
 18689 | Lair:6   | Reached skill level 11 in Throwing
 18939 | Lair:6   | Noticed Josephine
 18958 | Lair:6   | Killed Josephine
 19164 | Lair:6   | Reached skill level 5 in Armour
 19711 | Lair:6   | Identified the cursed +1 plate armour of Mana {Str+4} (You
                  | found it on level 6 of the Lair of Beasts)
 19817 | Lair:6   | Noticed an entropy weaver
 19831 | Lair:6   | Noticed an entropy weaver
 19832 | Lair:6   | Killed an entropy weaver
 19841 | Lair:6   | Killed an entropy weaver
 19901 | Lair:6   | Got an ancient ring mail
 19912 | Lair:6   | Identified the cursed +0 ring mail of the Three Seas {rElec
                  | rPois rF++ Dex-2} (You found it on level 6 of the Lair of
                  | Beasts)
 20209 | D:12     | Noticed Snorg
 20223 | D:12     | Killed Snorg
 20540 | D:12     | Reached skill level 12 in Throwing
 21039 | D:13     | Found a transporter.
 21058 | D:13     | Gained mutation: You resist negative energy. (rN+) [demonic
                  | ancestry]
 21058 | D:13     | Reached XP level 15. HP: 73/95 MP: 16/24
 21183 | D:13     | Identified the +5 war axe "Masch" {vorpal, rElec Str+3
                  | Int+4}
 21553 | D:13     | Found a transporter.
 21554 | D:13     | Noticed Xaez's ghost (journeyman HOFi)
 22453 | D:14     | Found a gate to the Vaults.
 22499 | D:14     | Found an ornate altar of the Wu Jian Council.
 22698 | D:14     | Reached skill level 13 in Throwing
 23155 | D:15     | Entered Level 15 of the Dungeon
 23287 | D:15     | Noticed Rupert
 23983 | D:15     | Found a staircase to the Depths.
 23983 | D:15     | Noticed a frost giant
 23997 | D:15     | Killed a frost giant
 23997 | D:15     | Reached skill level 10 in Dodging
 23997 | D:15     | Reached XP level 16. HP: 61/101 MP: 21/25
 24225 | D:15     | Killed Rupert
 24735 | Swamp:1  | Entered Level 1 of the Swamp
 24752 | Swamp:1  | Found a transporter.
 25346 | Swamp:1  | Reached skill level 10 in Armour
 25369 | Swamp:1  | Found a transporter.
 25736 | Swamp:1  | Got a translucent iron ring
 25737 | Swamp:1  | Identified the ring "Miedaof" {Ice Int+3 Dex+3} (You found
                  | it on level 1 of the Swamp)
 25752 | Swamp:1  | Got a clouded tin amulet
 25753 | Swamp:1  | Identified the amulet of Nety {Acrobat rF+ MR+} (You found
                  | it on level 1 of the Swamp)
 25768 | Swamp:2  | Noticed Aizul
 25785 | Swamp:2  | Killed Aizul
 27741 | Swamp:3  | Found a basalt altar of Yredelemnul.
 27754 | Swamp:3  | Reached skill level 14 in Throwing
 29337 | Swamp:3  | Identified the +2 pair of gloves of Happiness {-Cast rC++
                  | rCorr Stlth+} (You acquired it on level 3 of the Swamp)
 29337 | Swamp:3  | Identified the amulet of the Jester {Faith rN+ MR- Str+3}
                  | (You acquired it on level 3 of the Swamp)
 29629 | Swamp:4  | Entered Level 4 of the Swamp
 29629 | Swamp:4  | Noticed Roxanne
 30408 | Swamp:4  | Reached XP level 17. HP: 97/106 MP: 26/26
 30447 | Swamp:4  | Noticed the 27-headed Lernaean hydra
 30454 | Swamp:4  | Killed the 27-headed Lernaean hydra
 30487 | Swamp:4  | Got a decaying rune of Zot
 31202 | Orc:1    | Entered Level 1 of the Orcish Mines
 31343 | Orc:2    | Entered Level 2 of the Orcish Mines
 32765 | Orc:1    | Identified the cursed +0 plate armour "Laokyll" {rF+ rCorr
                  | Str+2 Stlth+} (You found it on level 1 of the Orcish Mines)
 33034 | Orc:2    | Found Viupniore's Weapon Shoppe.
 33305 | Orc:2    | Found Zuadip's Antique Armour Boutique.
 33588 | Orc:2    | Found a roughly hewn altar of Beogh.
 33608 | Orc:2    | Reached skill level 15 in Throwing
 34144 | Orc:2    | Found a staircase to the Elven Halls.
 34295 | Orc:2    | Found a roughly hewn altar of Beogh.
 34543 | Orc:2    | Found Epneusk's Magic Scroll Boutique.
 34758 | Orc:2    | Found Tuloesk's Armour Shop.
 35221 | Orc:2    | Bought a runed kite shield for 217 gold pieces
 35446 | Spider:1 | Entered Level 1 of the Spider Nest
 35527 | Spider:1 | Identified the +10 double sword "Icasmena" {drain, +Inv rN+
                  | Dex-2 Stlth+} (You acquired it on level 1 of the Spider
                  | Nest)
 36215 | Spider:2 | Found a frozen archway.
 36225 | IceCv    | Entered an ice cave
 37500 | IceCv    | Noticed an Ice Fiend
 37507 | IceCv    | Killed an Ice Fiend
 37552 | IceCv    | Identified the +2 pair of boots of Patience {rC+ MR+ Dex+6}
                  | (You found it in an ice cave)
 37561 | IceCv    | Got a serpentine lapis lazuli ring
 37562 | IceCv    | Identified the ring of Creativity {rC+ Str+3 Int+2} (You
                  | found it in an ice cave)
 38300 | Spider:2 | Gained mutation: You are somewhat able to resist unholy
                  | torments (1 in 2 success). [demonic ancestry]
 38300 | Spider:2 | Reached XP level 18. HP: 80/112 MP: 27/27
 39740 | Spider:3 | Noticed Arachne
 39749 | Spider:3 | Killed Arachne
 39996 | Spider:3 | Noticed Louise
 40012 | Spider:3 | Killed Louise
 40242 | Spider:3 | Found a runed translucent door.
 40243 | Spider:3 | Noticed DrMuscles's ghost (adept MiBe)
 40653 | Spider:4 | Entered Level 4 of the Spider Nest
 40654 | Spider:4 | Noticed Agnes
 40675 | Spider:4 | Killed Agnes
 40891 | Spider:4 | Found a runed translucent door.
 40891 | Spider:4 | Noticed Flugslaktarn's ghost (journeyman DDFi)
 42193 | Spider:4 | Reached skill level 16 in Throwing
 42487 | Spider:4 | Noticed Donald
 42495 | Spider:4 | Killed Donald
 43794 | Spider:4 | Got a gossamer rune of Zot
 43836 | Spider:4 | Reached XP level 19. HP: 117/117 MP: 28/28
 44722 | D:13     | Reached skill level 15 in Long Blades
 44732 | D:13     | Killed Xaez's ghost
 44836 | Vaults:1 | Entered Level 1 of the Vaults
 44856 | Vaults:1 | Found a huge runed gate.
 44856 | Vaults:1 | Found a huge runed gate.
 44856 | Vaults:1 | Found a huge runed gate.
 44856 | Vaults:1 | Found a huge runed gate.
 44856 | Vaults:1 | Found a huge runed gate.
 44856 | Vaults:1 | Found a huge runed gate.
 44856 | Vaults:1 | Found a huge runed gate.
 44856 | Vaults:1 | Found a huge runed gate.
 44857 | Vaults:1 | Found a huge runed gate.
 44857 | Vaults:1 | Found a huge runed gate.
 44857 | Vaults:1 | Found a huge runed gate.
 44858 | Vaults:1 | Found a huge runed gate.
 44859 | Vaults:1 | Found a huge runed gate.
 44860 | Vaults:1 | Found a huge runed gate.
 44861 | Vaults:1 | Found a huge runed gate.
 44862 | Vaults:1 | Found a huge runed gate.
 44953 | Vaults:1 | Found a huge runed gate.
 44954 | Vaults:1 | Found a huge runed gate.
 44955 | Vaults:1 | Found a huge runed gate.
 44963 | Vaults:1 | Found a huge runed gate.
 44963 | Vaults:1 | Found a huge runed gate.
 44963 | Vaults:1 | Found a huge runed gate.
 44963 | Vaults:1 | Found a huge runed gate.
 44963 | Vaults:1 | Found a huge runed gate.
 44963 | Vaults:1 | Found a huge runed gate.
 44965 | Vaults:1 | Found a huge runed gate.
 44966 | Vaults:1 | Found a huge runed gate.
 44967 | Vaults:1 | Found a huge runed gate.
 44975 | Vaults:1 | Found a huge runed gate.
 44975 | Vaults:1 | Found a huge runed gate.
 44975 | Vaults:1 | Found a huge runed gate.
 44975 | Vaults:1 | Found a huge runed gate.
 44975 | Vaults:1 | Found a huge runed gate.
 44975 | Vaults:1 | Found a huge runed gate.
 44975 | Vaults:1 | Found a huge runed gate.
 44976 | Vaults:1 | Found a huge runed gate.
 45182 | Vaults:1 | Found Yjotiper's Assorted Antiques.
 46327 | Vaults:1 | Bought a bone ring for 145 gold pieces
 46485 | Vaults:2 | Found the +10 dark maul {vorpal}
 46496 | Vaults:2 | Found a runed translucent gate.
 46496 | Vaults:2 | Found a runed translucent gate.
 46496 | Vaults:2 | Found a runed translucent gate.
 46496 | Vaults:2 | Noticed Tazamm's ghost (adept MiBe)
 46498 | Vaults:2 | Identified the +8 plate armour of Rahuak {rPois rCorr}
 46557 | Vaults:2 | Found Dintev's Book Emporium.
 46683 | Vaults:2 | Reached skill level 5 in Shields
 47242 | Vaults:2 | Identified the +8 plate armour of the Known World {Str+5}
                  | (You found it on level 2 of the Vaults)
 47328 | Vaults:2 | Found Xuexish's Food Shoppe.
 47988 | Vaults:2 | Identified the cursed +3 morningstar "Irchapa" {pain,
                  | Fragile +Fly Str+3}
 47992 | Vaults:2 | Found a roughly hewn altar of Beogh.
 48998 | Vaults:3 | Gained mutation: A demonic guardian rushes to your aid.
                  | [demonic ancestry]
 48998 | Vaults:3 | Reached XP level 20. HP: 113/123 MP: 29/29
 49253 | Vaults:3 | Found Batworre's Jewellery Shop.
 49351 | Vaults:3 | Reached skill level 10 in Shields
 49622 | Vaults:3 | Found a staircase to the Crypt.
 50614 | Vaults:4 | Found a huge runed gate.
 50614 | Vaults:4 | Found a huge runed gate.
 50614 | Vaults:4 | Found a huge runed gate.
 50614 | Vaults:4 | Found a huge runed gate.
 50614 | Vaults:4 | Found a huge runed gate.
 50615 | Vaults:4 | Found a huge runed gate.
 50615 | Vaults:4 | Found a huge runed gate.
 50615 | Vaults:4 | Found a huge runed gate.
 50615 | Vaults:4 | Found a huge runed gate.
 50615 | Vaults:4 | Found a huge runed gate.
 50616 | Vaults:4 | Found a huge runed gate.
 50616 | Vaults:4 | Found a huge runed gate.
 50617 | Vaults:4 | Found a huge runed gate.
 50618 | Vaults:4 | Found a huge runed gate.
 50619 | Vaults:4 | Found a huge runed gate.
 50627 | Vaults:4 | Found a huge runed gate.
 50627 | Vaults:4 | Found a huge runed gate.
 50627 | Vaults:4 | Found a huge runed gate.
 50627 | Vaults:4 | Found a huge runed gate.
 50627 | Vaults:4 | Found a huge runed gate.
 50627 | Vaults:4 | Found a huge runed gate.
 50627 | Vaults:4 | Found a huge runed gate.
 50788 | Vaults:4 | Found a huge runed gate.
 50789 | Vaults:4 | Found a huge runed gate.
 50798 | Vaults:4 | Found a huge runed gate.
 50798 | Vaults:4 | Found a huge runed gate.
 50798 | Vaults:4 | Found a huge runed gate.
 50798 | Vaults:4 | Found a huge runed gate.
 50798 | Vaults:4 | Found a huge runed gate.
 50798 | Vaults:4 | Found a huge runed gate.
 50798 | Vaults:4 | Found a huge runed gate.
 50799 | Vaults:4 | Found a huge runed gate.
 50800 | Vaults:4 | Found a huge runed gate.
 50809 | Vaults:4 | Found a huge runed gate.
 50809 | Vaults:4 | Found a huge runed gate.
 50809 | Vaults:4 | Found a huge runed gate.
 50814 | Vaults:4 | Found Vextop's Jewellery Emporium.
 50868 | Vaults:4 | Bought an uncursed amulet of faith for 480 gold pieces
 51433 | Vaults:4 | Noticed Xtahua
 51447 | Vaults:4 | Killed Xtahua
 51557 | Vaults:4 | Noticed Jory
 51570 | Vaults:4 | Killed Jory
 51638 | Vaults:4 | Noticed Boris
 51645 | Vaults:4 | Killed Boris
 52021 | Vaults:4 | Reached skill level 15 in Invocations
 52360 | Vaults:2 | Killed Tazamm's ghost
 52597 | Vaults:1 | Reached skill level 5 in Fighting
 52599 | Vaults:1 | Reached XP level 21. HP: 92/138 MP: 32/32
 52617 | Vaults:1 | Identified the +6 falchion of the Walnut {protect, +Rage
                  | rPois rC- SInv} (You found it on level 1 of the Vaults)
 52849 | Depths:1 | Entered Level 1 of the Depths
 53082 | Vaults:4 | Noticed a golden dragon
 53089 | Vaults:4 | Killed a golden dragon
 53104 | Vaults:4 | Identified the ring of Feitih {*Corrode rF+ Str+2 Int+5
                  | Stlth+} (You found it on level 4 of the Vaults)
 53465 | Depths:1 | Noticed an ancient lich
 53494 | Depths:1 | Paralysed by a vampire knight for 3 turns
 53495 | Depths:1 | Mangled by a death knight

Levels and vault maps discovered:
D:1:      dpeg_arrival_circle_labyrinth_c, layout_basic
D:2:      layout_basic, nicolae_ashenzari_panopticon, uniq_sigmund
D:3:      layout_loops_cross, makhleb_heckhound_becter, first_ration
D:4:      layout_gridville, trog_butcher_becter
D:5:      layout_loops_ring, nemelex_xobeh_ov_fountains_minmay,
          okawaru_ov_weapons_minmay, basic_altar, minmay_hedge_maze,
          uniq_crazy_yiuf_cottage
D:6:      layout_loops_ring, minmay_temple_entry_overgrown,
          grunt_decor_one_mirror, uniq_edmund, uniq_eustachio
D:7:      layout_basic
D:8:      minmay_distorted_concentric_squares, layout_basic, xom_redecorated
D:9:      layout_irregular_city, hangedman_ranch [blue_anna_fruit_fields]
D:10:     layout_stronghold, kennysheep_orc_monster_closet_entryway, uniq_fannar
D:11:     layout_irregular_city, erik_lair_orcish_takeover, serial_shops,
          bzr_entry_gold
D:12:     layout_roguey, serial_undead, serial_undead_f, serial_undead_f,
          serial_undead_e, serial_undead_e, roderic_batcave,
          minmay_alternating_orb, uniq_snorg
D:13:     layout_rooms, gammafunk_ghost_berserking_beasts
D:14:     layout_basic, hangedman_vaults_entry_quadrant_bands,
          lemuel_doored_altar, moated_statue
D:15:     grunt_enter_depths_snipers, layout_cave_pods, minivault_23,
          uniq_rupert
Temple:   dpeg_five_rooms_temple
Lair:1:   layout_chaotic_city, gauntlet_entry_generic, hibernation_bobbens,
          minmay_lair_oklob_chamber
Lair:2:   layout_hall_layers
Lair:3:   layout_gridlike, dummy_spider_entry, forest_entry_grove,
          grunt_megastairs_4
Lair:4:   layout_small_grid, minmay_swamp_entry_worms, beast_lair_carwin_3,
          uniq_sonja
Lair:5:   layout_concentric_octagons, slime_altar_1
Lair:6:   grunt_lair_end_beastmaster, layout_regular_city,
          nicolae_quartered_pool_little, zaba_antful_of_joy, uniq_josephine
Swamp:1:  gammafunk_its_a_trap, layout_basic_swamp,
          evilmike_swamp_ruin_rubble_1, swamp_pool4
Swamp:2:  layout_basic_swamp, serial_swamp_ruin, evilmike_swamp_ruin_house_2,
          hangedman_swamp_ruin_wall, uniq_aizul
Swamp:3:  layout_falls_marsh, evilmike_swamp_ruin_house_6, grunt_ruined_hall
Swamp:4:  grunt_swamp_rune_castle, layout_basic_swamp, uniq_roxanne
Spider:1: layout_spider_delve, guppyfry_hornet_nest
Spider:2: layout_spider_delve, portal_ice_cave_entry_pillars_1,
          guppyfry_spider_mini_1, nicolae_spider_cling_halls
Spider:3: layout_spider_delve, ebering_ghost_reflecting_pool, uniq_louise,
          uniq_arachne
Spider:4: floodkiller_spider_rune_tomb, ebering_ghost_reflecting_pool,
          drop_trap, nicolae_looking_at_the_future, uniq_donald, uniq_agnes
Orc:1:    layout_caves, minmay_orc_treasury
Orc:2:    pubby_orc_utopia, serial_shops
Vaults:1: v_misc_24, ontoclasm_vaults_ligature, vaults_not_door_vault_due,
          ontoclasm_vaults_ring_square, grunt_vaults_trifunnel, v_misc_25,
          grunt_vaults_hallway_short, ontoclasm_vaults_loading_screen,
          v_misc_16, v_misc_13, hangedman_vaults_nails, vaults_mumra_minichess,
          vaults_room_door_ring, vaults_dpeg_hooks, layout_vaults_ring,
          serial_shops, shop_fountains
Vaults:2: biasface_vaults_ghost_orc_armoury, v_rooms_1,
          hangedman_vaults_variations, st_smaller_cells,
          nicolae_vaults_little_squares_5, vaults_room_pools, v_misc_24,
          vaults_standard_mumra_lines, hangedman_vaults_nails, vaults_dpeg_ring,
          layout_vaults_omnigrid, serial_shops, nicolae_shop_statue_plus,
          shop_fountains
Vaults:3: minmay_crypt_entry_simple_box, nicolae_vaults_stairing_the_circle,
          v_alt_pattern_2, vaults_room_octagon, vaults_room_guarded_vault,
          vaults_dpeg_cross, ontoclasm_vaults_gateway,
          nicolae_vaults_shelves_hall, nicolae_vaults_mini_display_case,
          ontoclasm_vaults_spin, vaults_room_pool, layout_vaults_chaotic_city,
          serial_shops, shop
Vaults:4: vaults_door_vault, v_misc_22, hangedman_vaults_unwind, v_misc_28,
          vaults_dpeg_doors, ontoclasm_vaults_shuriken,
          nicolae_vaults_what_the_h, hangedman_vaults_stitches, v_misc_27,
          v_rooms_3, v_misc_19, nicolae_vaults_little_ls, layout_vaults_omnibox,
          serial_shops, shop_coins, uniq_boris, uniq_jory, uniq_xtahua
Depths:1: layout_gridlike, minmay_misc_feat_chi, grunt_pan_entry_spiral,
          special_room [special_room_morgue], hell_entry, kennysheep_potato,
          grunt_megastairs_3

Skill      XL: |  1  2  3  4  5  6  7  8  9 10 11 12 13 14 15 16 17 18 19 20 21 |
---------------+----------------------------------------------------------------+-----
Long Blades    | 3 4 6 9 10 12 13 14 15 | 15.7
Stealth        | 1 2 4 |  4.3
Short Blades   | 1 2 3 4 5 |  5.2
Evocations     | 1 2 4 5 7 |  7.2
Shields        | 1 2 3 4 9 12 | 12.9
Invocations    | 4 7 9 11 12 15 | 15.9
Throwing       | 6 10 12 13 14 15 16 | 16.0
Armour         | 3 7 9 11 12 13 14 | 14.2
Dodging        | 4 7 10 11 13 14 | 14.5
Fighting       | 5 8 |  8.0

Action                   |  1- 3 |  4- 6 |  7- 9 | 10-12 | 13-15 | 16-18 | 19-21 || total
-------------------------+-------+-------+-------+-------+-------+-------+-------++-------
Melee: Long sword        |    24 |       |   114 |    25 |       |       |       ||   163
       Dagger            |   130 |   171 |   303 |   170 |    74 |    56 |       ||   904
       Headbutt          |       |    22 |    88 |   176 |   373 |   534 |   304 ||  1497
       Falchion          |       |       |       |   397 |   955 |  1032 |       ||  2384
       Double sword      |       |       |       |       |       |   678 |   737 ||  1415
       Quick blade       |       |       |       |       |       |     6 |    49 ||    55
Throw: Boomerang         |       |       |    13 |       |       |       |       ||    13
       Dart              |       |       |     5 |       |       |     1 |       ||     6
       Throwing net      |       |       |     2 |       |       |     2 |       ||     4
       Javelin           |       |       |       |    17 |    16 |    59 |    26 ||   118
Invok: Stomp             |       |       |     5 |     2 |    10 |    15 |       ||    32
       Line Pass         |       |       |       |     1 |     4 |     4 |     2 ||    11
       Grand Finale      |       |       |       |     1 |       |       |     1 ||     2
Evoke: Wand              |       |       |       |    14 |    14 |    18 |     3 ||    49
       Lightning rod     |       |       |       |     4 |       |     3 |     3 ||    10
       Phial of floods   |       |       |       |       |     1 |       |       ||     1
  Use: Scroll            |       |       |    18 |    15 |     9 |    18 |    15 ||    75
       Potion            |       |       |       |     1 |       |     9 |     1 ||    11
 Stab: Sleeping          |       |     3 |     4 |     8 |    22 |    38 |    18 ||    93
       Held in net/web   |       |       |     2 |       |       |       |       ||     2
       Distracted        |       |       |     4 |     7 |    10 |    11 |    10 ||    42
       Paralysed         |       |       |    10 |    41 |   119 |   182 |   111 ||   463
       Petrified         |       |       |       |       |     9 |       |       ||     9
       Confused          |       |       |       |       |     2 |       |     2 ||     4
  Eat: Chunk             |     2 |     7 |    16 |    18 |    29 |    40 |    16 ||   128
       Ration            |       |       |     1 |     1 |       |     8 |     5 ||    15
Armor: Leather armour    |    40 |       |       |       |       |       |       ||    40
       Ring mail         |    16 |    38 |    19 |       |    78 |   255 |    80 ||   486
       Scale mail        |       |       |   104 |   139 |    93 |       |       ||   336
Dodge: Dodged            |   126 |    82 |   204 |   236 |   444 |  1138 |   314 ||  2544
Block: Buckler           |     2 |    19 |    99 |   112 |   298 |  1077 |       ||  1607
       Reflection        |       |       |       |       |    10 |    18 |    23 ||    51
       Kite shield       |       |       |       |       |       |       |   427 ||   427
       Rpst.: Long sword |     6 |       |    12 |     3 |       |       |       ||    21
       Falchion          |       |       |       |    39 |   118 |   116 |       ||   273
       Double sword      |       |       |       |       |       |   127 |    70 ||   197

Table legend:
 A = Non-vault XP
 B = Vault XP
 C = Vault XP percentage of total XP
 D = Non-vault monster count
 E = Vault monster count
 F = Vault count percentage of total count
                 A         B        C        D         E       F
            +---------+---------+-------+---------+---------+-------
      Total |  279748 |  353962 |  55.9 |     993 |     796 |  44.5
            +---------+---------+-------+---------+---------+-------
        D:1 |      72 |       0 |   0.0 |      36 |       0 |   0.0
        D:2 |      84 |     208 |  71.2 |      14 |       1 |   6.7
        D:3 |      93 |      39 |  29.5 |      15 |       1 |   6.2
        D:4 |     299 |       9 |   2.9 |      19 |       4 |  17.4
        D:5 |     422 |      39 |   8.5 |       8 |       1 |  11.1
        D:6 |     198 |     356 |  64.3 |      10 |       2 |  16.7
        D:7 |     346 |       0 |   0.0 |       5 |       0 |   0.0
        D:8 |    1311 |     537 |  29.1 |      43 |       4 |   8.5
        D:9 |    2010 |    1929 |  49.0 |      21 |       8 |  27.6
       D:10 |    1834 |    2224 |  54.8 |      21 |      21 |  50.0
       D:11 |    4390 |     628 |  12.5 |      37 |       8 |  17.8
       D:12 |    4264 |    5832 |  57.8 |      34 |      31 |  47.7
       D:13 |   11904 |    4367 |  26.8 |      58 |       8 |  12.1
       D:14 |   13272 |    8668 |  39.5 |      36 |      18 |  33.3
       D:15 |   16792 |    5724 |  25.4 |      44 |       4 |   8.3
     Lair:1 |    4928 |     452 |   8.4 |      14 |       1 |   6.7
     Lair:2 |    3030 |       0 |   0.0 |       9 |       0 |   0.0
     Lair:3 |    9032 |    2335 |  20.5 |      23 |      12 |  34.3
     Lair:4 |   12084 |    3210 |  21.0 |      44 |       9 |  17.0
     Lair:5 |    5243 |       0 |   0.0 |      24 |       0 |   0.0
     Lair:6 |   10739 |   19793 |  64.8 |      27 |      65 |  70.7
    Swamp:1 |    6410 |    1856 |  22.5 |      19 |       5 |  20.8
    Swamp:2 |   13744 |    1862 |  11.9 |      45 |       2 |   4.3
    Swamp:3 |    8360 |    6474 |  43.6 |      20 |      10 |  33.3
    Swamp:4 |    4823 |   21835 |  81.9 |      12 |      33 |  73.3
   Spider:1 |   12934 |    1708 |  11.7 |      32 |       6 |  15.8
   Spider:2 |   22291 |     862 |   3.7 |      65 |       4 |   5.8
   Spider:3 |   11748 |    4907 |  29.5 |      33 |       2 |   5.7
   Spider:4 |   14606 |   40146 |  73.3 |      47 |      88 |  65.2
      Orc:1 |    4117 |    8518 |  67.4 |      40 |      40 |  50.0
      Orc:2 |       0 |   20735 | 100.0 |       0 |     147 | 100.0
   Vaults:1 |   18128 |   24631 |  57.6 |      41 |      30 |  42.3
   Vaults:2 |   16981 |   42103 |  71.3 |      27 |      51 |  65.4
   Vaults:3 |   29346 |   22547 |  43.4 |      52 |      29 |  35.8
   Vaults:4 |    9029 |   73738 |  89.1 |      13 |      71 |  84.5
   Depths:1 |    4884 |   11126 |  69.5 |       5 |      13 |  72.2
      IceCv |       0 |    9947 | 100.0 |       0 |      56 | 100.0
   Gauntlet |       0 |    4617 | 100.0 |       0 |      11 | 100.0
            +---------+---------+-------+---------+---------+-------
